 Dungeon Crawl Stone Soup version 0.31.0-2-g5a2aebc5c2 (webtiles) character file.

Game seed: 9384573892826597808

31985 quinnr the Stormcaller (level 13, -4/82 HPs)
             Began as a Tengu Air Elementalist on Jan 20, 2024.
             Was an Elder of Vehumet.
             Slain by a rime drake (14 damage)
             ... on level 4 of the Lair of Beasts.
             The game lasted 00:47:47 (24273 turns).

quinnr the Stormcaller (Tengu Air Elementalist)    Turns: 24273, Time: 00:47:47

Health: -4/82      AC:  4    Str:  9    XL:     13   Next: 61%
Magic:  17/28      EV:  2    Int: 20    God:    Vehumet [****..]
Gold:   1768       SH:  0    Dex: 18    Spells: 9/32 levels left

rFire   + . .        C - +1 dagger (venom)
rCold   + . .        F - orb {*channel}
rNeg    . . .        B - +0 leather armour of Yredelemnul's Envy {rPois rC+ rCorr Dex+3}
rPois   +            (helmet restricted)
rElec   .            (no cloak)
rCorr   +            N - +0 pair of gloves
SInv    +            (boots unavailable)
Will    .....        (no amulet)
Stlth   +++          g - ring of see invisible
HPRegen 0.33/turn    A - ring of the Queen {rF+ rCorr}
MPRegen 0.21/turn

%: acrobat, channel magic (20%)
@: sleeping, marked, flying
A: beak, talons 3, evasive flight, acrobatic
a: Renounce Religion


You were on level 4 of the Lair of Beasts.
You worshipped Vehumet.
Vehumet was greatly pleased with you.
You visited 3 branches of the dungeon, and saw 16 of its levels.
You also visited: Bailey.

You collected 1768 gold pieces.

Inventory:

Hand Weapons
 d - a +0 dagger of venom
 s - the +7 rapier of Breach {distort, rN+}
   (You found it on level 3 of the Dungeon)

   rN+:       It protects you from negative energy.
 v - a +2 dagger of distortion
 C - a +1 dagger of venom (weapon)
Missiles
 i - 2 javelins
Armour
 q - the +3 leather armour of Feasting {rF+ rN+}
   (You found it on level 2 of the Dungeon)

   rF+:       It protects you from fire.
   rN+:       It protects you from negative energy.
 B - the +0 leather armour of Yredelemnul's Envy (worn) {rPois rC+ rCorr Dex+3}
   (You found it on level 4 of the Dungeon)

   Dex+3:     It affects your dexterity (+3).
   rC+:       It protects you from cold.
   rPois:     It protects you from poison rCorr: It protects you from acid and
   corrosion.
 F - an orb of energy (worn)
 N - a +0 pair of gloves (worn)
 U - a +2 robe of cold resistance
Magical Staves
 G - a staff of cold
 V - a staff of earth
Jewellery
 g - a ring of see invisible (left hand)
 p - a ring of poison resistance
 w - a +4 ring of slaying
 A - the ring of the Queen (right hand) {rF+ rCorr}
   (You acquired it in a bailey)

   [ring of resist corrosion]

   rF+:       It protects you from fire.
   rCorr:     It protects you from acid and corrosion.
 H - a +6 ring of intelligence
 W - an amulet of magic regeneration
Wands
 u - a wand of acid (9)
 E - a wand of iceblast (15)
 Q - a wand of flame (33)
Scrolls
 c - 6 scrolls of teleportation
 f - a scroll of immolation
 k - 4 scrolls of enchant armour
 m - 5 scrolls of noise
 y - 2 scrolls of butterflies {unknown}
 D - 2 scrolls of torment
 I - a scroll of poison
 J - a scroll of fog
 P - a scroll of amnesia {unknown}
 R - 2 scrolls of brand weapon
 S - 2 scrolls of fear {unknown}
 T - a scroll of enchant weapon
Potions
 a - 3 potions of cancellation {unknown}
 b - a potion of magic
 e - 7 potions of curing {unknown}
 h - 4 potions of lignification
 j - 4 potions of degeneration {unknown}
 l - 6 potions of mutation {unknown}
 n - a potion of resistance {unknown}
 o - 4 potions of might {unknown}
 r - 3 potions of enlightenment {unknown}
 t - 4 potions of haste
 x - 2 potions of brilliance {unknown}
 z - 2 potions of attraction {unknown}
 K - a potion of berserk rage {unknown}
 L - 2 potions of heal wounds {unknown}
 O - a potion of ambrosia
Miscellaneous
 M - a phial of floods (inert)


   Skills:
 - Level 10.0 Fighting
 - Level 4.0 Short Blades
 - Level 3.0 Armour
 - Level 5.0 Dodging
 - Level 5.0 Stealth
 - Level 2.4 Unarmed Combat
 - Level 10.0 Spellcasting
 - Level 10.0 Conjurations
 + Level 15.4 Air Magic
 - Level 5.0 Alchemy
 - Level 6.0 Evocations


You had 9 spell levels left.
You knew the following spells:

 Your Spells              Type           Power      Damage    Failure   Level
a - Airstrike             Air            32%        2d(5-21)  1%          4
b - Olgreb's Toxic Radia  Alch           30%        N/A       8%          4
c - Swiftness             Air            64%        N/A       1%          3
d - Fulminant Prism       Conj/Alch      20%        3d12      3%          4
t - Static Discharge      Conj/Air       100%       3-8/arc   1%          2
z - Shock                 Conj/Air       100%       1d9       1%          1
X - Arcjolt               Conj/Air       28%        1d38      1%          5

Your spell library contained the following spells:

 Spells                   Type           Power      Damage    Failure   Level
 Magic Dart               Conj           100%       1d8       1%          1
 Searing Ray              Conj           100%       2d8       1%          2
 Stone Arrow              Conj/Erth      60%        3d10      3%          3
 Sandblast                Erth           20%        2d7       7%          1
 Brom's Barrelling Bould  Conj/Erth      30%        2d5       8%          4
 Flame Wave               Conj/Fire      30%        2d9       8%          4
 Scorch                   Fire           20%        2d5       9%          2
 Jinxbite                 Hex            20%        N/A       32%         2
 Lesser Beckoning         Tloc           20%        N/A       32%         2
 Confusing Touch          Hex            10%        N/A       50%         3
 Gell's Gravitas          Tloc           10%        N/A       50%         3
 Passwall                 Erth           10%        N/A       50%         3
 Teleport Other           Tloc           10%        N/A       50%         3
 Alistair's Intoxication  Alch           20%        N/A       54%         5
 Bombard                  Conj/Erth      15%        9d3       56%         6
 Eringya's Noxious Bog    Alch           15%        4d6       56%         6
 Animate Dead             Necr           10%        N/A       85%         4
 Cause Fear               Hex            5%         N/A       85%         4
 Borgnjor's Vile Clutch   Necr/Erth      5%         N/A       99%         5
 Summon Cactus Giant      Summ           5%         N/A       100%        6
 Haunt                    Necr/Summ      5%         N/A       100%        7
 Infestation              Necr           5%         N/A       100%        8


Dungeon Overview and Level Annotations

Branches:
Dungeon (11/15)            Temple (1/1) D:5            Lair (4/5) D:10
  Swamp (0/4) Lair:3       Spider (0/4) Lair:2          Orc (0/2) D:9
 Bailey (visited)
  Slime: Lair:4-5

Altars:
Ashenzari
Cheibriados
Dithmenos
Elyvilon
Fedhas
Gozag
Hepliaklqana
Kikubaaqudgha
Makhleb
Nemelex Xobeh
Okawaru
Qazlal
Ru
Sif Muna
Trog
Uskayaw
Vehumet
Wu Jian
Xom
Yredelemnul
Zin
The Shining One

Shops:
D:4 =

Annotations:
D:4 1 runed translucent door, gelatine's ghost, amateur DgWn
D:5 digvault (gold), exclusion: upstairs
D:7 exclusion: downstairs
D:8 1 runed translucent door
D:10 exclusion: downstairs
Lair:3 2 transporters, Feulaj's ghost, journeyman MiBe


Innate Abilities, Weirdness & Mutations

You have a beak for a mouth.
You have claws for feet.
Your magical flight helps you evade attacks. (EV +4)
You can magically evade attacks while moving or waiting.


Message History

A yak comes into view.
The rime drake completely misses you.
Unknown command.
Unknown command.
The ice encasing you melts away.
A cane toad comes into view. x2; A rime drake comes into view.
The rime drake breathes ice at you. The icy flash freeze misses you.
The rime drake breathes ice at you. The icy flash freeze hits you!
You partially resist.
* * * LOW HITPOINT WARNING * * *
You are encased in ice.
A yak comes into view.
Unknown command.
Unknown command.
Okay, then.
Unknown command.
Your surroundings suddenly seem different.
A dream sheep comes into view.
The dream sheep falls through a shaft!
The shaft crumbles and collapses.
Unknown command.
Unknown command.
Okay, then.
Okay, then.
Casting: Airstrike (mildly dangerous; 1% risk of failure)
Confirm with . or Enter, or press ? or * to list all spells.
Okay, then.
Unknown command.
Casting: Airstrike (mildly dangerous; 1% risk of failure)
Confirm with . or Enter, or press ? or * to list all spells.
Electricity surges outward!
The fungus is struck by an electric surge!
The fungus begins to die.
The fungus is lightly damaged.
The dream sheep shakes its wool and sparkles.
You feel drowsy...
You fall asleep.
A dream sheep comes into view.
The ice encasing you melts away. The rime drake bites you!
You die...

.......................
.......................
#####Y....##P.#####P###
####...############
.###.#P....######.#P####
........................
..<....Y............k..S
..........F........lY.YF
#P##.@k.##.##..#.###.#
## #....########## ###
#P....# .........
...........
...............
.###..###.P.... ###
##....


You could see a cane toad, a rime drake and 2 dream sheep.

Vanquished Creatures
  A hydra (Lair:2)
  Fannar (Lair:2)
  A catoblepas (Lair:3)
  An orc high priest (Bailey)
  Amaemon (Lair:2)
  A skyshark (Lair:2)
  Pikel (D:7)
  14 elephants
  A black mamba (Lair:1)
  Jeremiah (D:9)
  3 cane toads
  An orange demon (Lair:2)
  A torpor snail (Lair:3)
  Maggie (Lair:2)
  A rime drake (Lair:1)
  7 komodo dragons
  2 kobold demonologists
  A troll (D:9)
  2 polar bears (Lair:2)
  13 blink frogs
  A jumping spider (Lair:2)
  A culicivora (Lair:2)
  40 yaks
  2 wraiths
  A shadow (D:9)
  2 humans (D:9)
  3 wyverns
  Grum (D:9)
  3 redbacks (Lair:2)
  3 vampire mosquitoes (Lair:3)
  A steam dragon (D:7)
  Edmund (D:4)
  An acid dragon (D:10)
  6 water moccasins
  3 black bears
  3 ice beasts
  2 sky beasts (D:7)
  13 orc warriors
  2 centaurs (D:9)
  6 wolves
  An ogre (D:4)
  2 lemures (D:7)
  A phantom (D:4)
  4 kobold brigands
  13 bullfrogs
  2 gnoll sergeants
  A scorpion (D:5)
  15 killer bees
  3 electric eels
  4 howler monkeys
  2 bombardier beetles
  7 orc priests
  4 hounds
  5 jellies
  A gnoll bouda (D:6)
  2 iguanas
  A sleepcap (D:6)
  13 orc wizards
  11 adders
  30 gnolls
  A shadow imp (D:8)
  3 white imps
  2 dart slugs
  A ribbon worm (D:2)
  54 orcs
  4 endoplasms
  3 giant cockroaches
  25 goblins
  14 hobgoblins
  34 jackals
  6 quokkas
  9 ball pythons
  3 bats
  5 frilled lizards
  30 kobolds
  4 rats
470 creatures vanquished.

Vanquished Creatures (others)
  4 fulminant prisms
4 creatures vanquished.

Grand Total: 474 creatures vanquished

Notes
Turn   | Place    | Note
-------+----------+-------------------------------------------
     0 | D:1      | quinnr the Tengu Air Elementalist began the quest for the
                  | Orb.
     0 | D:1      | Reached XP level 1. HP: 10/10 MP: 4/4
   232 | D:1      | Reached XP level 2. HP: 15/15 MP: 1/6
   709 | D:1      | Found a faded altar of an unknown god.
   726 | D:1      | Reached XP level 3. HP: 19/19 MP: 5/7
   783 | D:1      | Learned a level 2 spell: Static Discharge
   787 | D:1      | Learned a level 3 spell: Swiftness
  1235 | D:2      | Found a shimmering altar of Xom.
  1356 | D:2      | Reached skill level 1 in Unarmed Combat
  1655 | D:2      | Reached skill level 1 in Fighting
  1655 | D:2      | Reached XP level 4. HP: 25/25 MP: 3/8
  2360 | D:2      | Identified the +3 leather armour of Feasting {rF+ rN+}
  2576 | D:3      | Found a sparkling altar of Nemelex Xobeh.
  2615 | D:3      | Reached XP level 5. HP: 24/30 MP: 5/9
  2806 | D:3      | Identified the +7 rapier of Breach {distort, rN+}
  3313 | D:3      | Reached skill level 1 in Armour
  3441 | D:4      | Noticed an ogre
  3458 | D:4      | Killed an ogre
  3459 | D:4      | Reached skill level 5 in Air Magic
  3459 | D:4      | Reached XP level 6. HP: 35/35 MP: 3/10
  3628 | D:4      | Found a burning altar of Makhleb.
  3701 | D:4      | Found Ladiuch's Jewellery Emporium.
  3708 | D:4      | Found a runed translucent door.
  3714 | D:4      | Noticed gelatine's ghost (amateur DgWn)
  3883 | D:4      | Noticed a water moccasin
  3889 | D:4      | Killed a water moccasin
  3890 | D:4      | Reached skill level 6 in Air Magic
  3890 | D:4      | Gained mutation: Your magical flight helps you evade
                  | attacks. (EV +4) [Tengu growth]
  3890 | D:4      | Reached XP level 7. HP: 30/40 MP: 3/12
  3895 | D:4      | Learned a level 4 spell: Airstrike
  4407 | D:4      | Found a broken altar of Ashenzari.
  4407 | D:4      | Noticed Edmund
  4435 | D:5      | Entered Level 5 of the Dungeon
  4581 | D:5      | Found a basalt altar of Yredelemnul.
  4639 | D:5      | Found a staircase to the Ecumenical Temple.
  4663 | Temple   | Entered the Ecumenical Temple
  4689 | D:5      | Found a radiant altar of Vehumet.
  4699 | D:5      | Became a worshipper of Vehumet
  4757 | D:5      | Reached skill level 7 in Air Magic
  4974 | D:5      | Reached skill level 8 in Air Magic
  4974 | D:5      | Reached XP level 8. HP: 45/46 MP: 5/13
  5201 | D:5      | Reached skill level 9 in Air Magic
  5201 | D:5      | Reached skill level 1 in Short Blades
  5967 | D:4      | Reached skill level 5 in Conjurations
  6146 | D:4      | Killed Edmund
  6279 | D:4      | Identified the +0 leather armour of Yredelemnul's Envy
                  | {rPois rC+ rCorr Dex+3}
  6907 | D:4      | Reached * piety under Vehumet
  6907 | D:4      | Offered knowledge of Sandblast by Vehumet.
  7396 | D:4      | Reached XP level 9. HP: 50/50 MP: 12/16
  7453 | D:4      | Reached skill level 10 in Air Magic
  8020 | D:5      | Found a glowing silver altar of Zin.
  8268 | D:6      | Reached skill level 11 in Air Magic
  8274 | D:6      | Reached ** piety under Vehumet
  8274 | D:6      | Offered knowledge of Mercury Vapours by Vehumet.
  8575 | D:6      | Found a hazy altar of Hepliaklqana.
  8715 | D:6      | Found a bloodstained altar of Trog.
  8852 | D:6      | Found a hide-covered altar of Uskayaw.
  8856 | D:6      | Reached skill level 1 in Evocations
  8930 | D:6      | Reached skill level 12 in Air Magic
  9156 | D:7      | Found a flagged portal.
  9167 | Bailey   | Entered a bailey
  9320 | Bailey   | Noticed an orc high priest
  9324 | Bailey   | Killed an orc high priest
  9325 | Bailey   | Reached skill level 5 in Dodging
  9501 | Bailey   | Offered knowledge of Hailstorm by Vehumet.
  9606 | Bailey   | Reached XP level 10. HP: 56/56 MP: 9/17
  9686 | Bailey   | Found an iron altar of Okawaru.
  9736 | Bailey   | Noticed a kobold demonologist
  9917 | Bailey   | Reached skill level 5 in Spellcasting
 10082 | Bailey   | Killed a kobold demonologist
 10202 | Bailey   | Got the Compendium of the Ironbound Curse
 10247 | Bailey   | Reached *** piety under Vehumet
 10381 | Bailey   | Acquired the ring of the Queen {rF+ rCorr}
 10592 | Bailey   | Noticed an orc knight
 10884 | Bailey   | Offered knowledge of Brom's Barrelling Boulder by Vehumet.
 11149 | D:7      | Noticed Pikel
 11455 | D:7      | Found an ancient bone altar of Kikubaaqudgha.
 11482 | D:7      | Found an ornate altar of the Wu Jian Council.
 12190 | D:7      | Killed Pikel
 12357 | D:8      | Reached skill level 5 in Fighting
 12483 | D:8      | Reached **** piety under Vehumet
 12571 | D:8      | Noticed a sixfirhy
 12635 | D:8      | Found a runed translucent door.
 12894 | D:8      | Offered knowledge of Arcjolt by Vehumet.
 13080 | D:8      | Reached XP level 11. HP: 64/64 MP: 11/21
 13897 | D:9      | Reached skill level 13 in Air Magic
 14039 | D:9      | Noticed Jeremiah
 14185 | D:9      | Killed Jeremiah
 14349 | D:9      | Found a shimmering altar of Xom.
 14371 | D:9      | Found a staircase to the Orcish Mines.
 14402 | D:9      | Found a sacrificial altar of Ru.
 15155 | D:9      | Noticed Grum
 15176 | D:9      | Killed Grum
 15336 | D:9      | Reached skill level 5 in Evocations
 15556 | D:9      | Found an iron altar of Okawaru.
 15595 | D:10     | Entered Level 10 of the Dungeon
 15633 | D:10     | Found a staircase to the Lair.
 15688 | D:10     | Found a snail-covered altar of Cheibriados.
 16044 | D:10     | Acquired 851 gold pieces
 16072 | D:10     | Reached skill level 14 in Air Magic
 16104 | D:10     | Noticed a sun demon
 17133 | D:11     | Reached skill level 10 in Conjurations
 17402 | Lair:1   | Entered Level 1 of the Lair of Beasts
 17424 | D:10     | Learned a level 5 spell: Arcjolt
 18235 | Lair:1   | Reached XP level 12. HP: 73/73 MP: 22/22
 18715 | D:10     | Reached skill level 5 in Stealth
 19008 | Lair:1   | Reached ***** piety under Vehumet
 19403 | Lair:1   | Offered knowledge of Olgreb's Toxic Radiance by Vehumet.
 19409 | Lair:1   | Learned a level 4 spell: Olgreb's Toxic Radiance
 19456 | Lair:1   | You are sucked into a shaft and drop 1 floor!
 19456 | Lair:2   | Noticed Fannar
 19489 | Lair:2   | Noticed a five-headed hydra
 19504 | Lair:2   | Found a hole to the Spider Nest.
 19569 | Lair:2   | Killed Fannar
 19570 | Lair:2   | Reached skill level 1 in Alchemy
 20618 | Lair:2   | Noticed Amaemon
 20624 | Lair:2   | Killed Amaemon
 20820 | Lair:1   | Reached skill level 10 in Fighting
 20919 | Lair:1   | Reached XP level 13. HP: 82/82 MP: 12/26
 20925 | Lair:1   | Reached skill level 5 in Alchemy
 21652 | Lair:2   | Noticed Maggie
 21657 | Lair:2   | Killed Maggie
 22804 | Lair:2   | Reached skill level 10 in Spellcasting
 22850 | Lair:2   | Learned a level 4 spell: Fulminant Prism
 23584 | Lair:3   | Reached skill level 15 in Air Magic
 23598 | Lair:3   | Found a transporter.
 23601 | Lair:3   | Found a transporter.
 23703 | Lair:3   | Noticed Feulaj's ghost (journeyman MiBe)
 23923 | Lair:3   | Found a staircase to the Swamp.
 24273 | Lair:4   | Slain by a rime drake

Illustrated notes

Levels and vault maps discovered:
D:1:      dpeg_arrival_concentric_ovals, layout_basic,
          hellmonk_ecumenical_altar_blasted
D:2:      minmay_evil_eye, layout_rooms, basic_altar
D:3:      layout_loops_ring, nemelex_spade_bored_becter
D:4:      lemuel_castle_with_subvaults [lemuel_castle_interior_carwin_2],
          layout_basic, lightli_temple_of_fire,
          mainiacjoe_overflow_surrounded_room, serial_shops, shop,
          ebering_ghost_sewer_d, minmay_starry_boxes, uniq_edmund
D:5:      layout_basic, zin_treasury, nicolae_vehumet_altar_sigil,
          mainiacjoe_overflow_boulevard, minmay_temple_entry_butterflies
D:6:      layout_basic, nicolae_hepliaklqana_hazy_memory,
          nicolae_uskayaw_dance_studio, trog_book, minivault_24
D:7:      layout_basic, mainiacjoe_overflow_two_lobes, enter_bailey_3,
          uniq_pikel
D:8:      cheibrodos_shockbox, layout_rooms
D:9:      layout_loops_ring, dk_xom_monty_hall, okawaru_humans,
          nicolae_ru_the_path_less_chosen, orc_0_dummy, uniq_grum, uniq_jeremiah
D:10:     layout_loops_ring, cheibriados_altar_1, lair_entry_dummy,
          roderic_lattice_a
D:11:     layout_basic
Temple:   nicolae_temple_little_seven
Lair:1:   layout_cellular_growth, grunt_megastairs_4
Lair:2:   layout_regular_city, nicolae_spider_entry_tight_spaces,
          serial_bayou_lagoon_a, grunt_megastairs_2, lemuel_fruit_tree,
          infiniplex_staircase_pool, uniq_fannar, uniq_maggie, uniq_amaemon
Lair:3:   layout_long_grid, minmay_swamp_entry_swarm, gammafunk_ghost_arena,
          grunt_megastairs_5
Lair:4:   layout_long_grid, infiniplex_staircase_pool_2

Skill      XL: |  1  2  3  4  5  6  7  8  9 10 11 12 13 |
---------------+----------------------------------------+-----
Conjurations   | 2 3 4 6 9 10 | 10.0
Unarmed Combat | 2 |  2.4
Fighting       | 1 2 3 6 8 10 | 10.0
Armour         | 2 3 |  3.0
Air Magic      | 5 6 8 9 12 14 15 | 15.4
Spellcasting   | 3 4 6 8 10 | 10.0
Dodging        | 3 5 |  5.0
Short Blades   | 2 3 4 |  4.0
Stealth        | 3 5 |  5.0
Evocations     | 4 6 |  6.0
Alchemy        | 4 5 |  5.0

Action                     |  1- 3 |  4- 6 |  7- 9 | 10-12 | 13-15 || total
---------------------------+-------+-------+-------+-------+-------++-------
  Melee: Unarmed           |     5 |       |       |       |       ||     5
         Kick              |     1 |     3 |    13 |    41 |    12 ||    70
         Dagger            |       |     9 |    28 |    75 |    20 ||   132
         Peck              |       |       |     3 |    19 |     5 ||    27
         Punch             |       |       |     1 |     1 |       ||     2
         Staff             |       |       |       |     2 |       ||     2
   Cast: Shock             |    79 |   110 |   280 |   255 |       ||   724
         Static Discharge  |       |     3 |    23 |    68 |    10 ||   104
         Swiftness         |       |       |     3 |    12 |     1 ||    16
         Airstrike         |       |       |    31 |   234 |    98 ||   363
         Arcjolt           |       |       |       |    13 |    11 ||    24
         Fulminant Prism   |       |       |       |       |     4 ||     4
  Evoke: Wand              |       |       |     2 |     3 |     9 ||    14
         Phial of floods   |       |       |       |     1 |     1 ||     2
    Use: Scroll            |       |     1 |     6 |     9 |     1 ||    17
   Stab: Sleeping          |       |       |       |     1 |       ||     1
 Armour: Robe              |     8 |    12 |       |       |       ||    20
         Leather armour    |       |    15 |    50 |   189 |    59 ||   313
  Dodge: Dodged            |    23 |    38 |    49 |   212 |    52 ||   374

Levels and vault maps discovered:
D:1:      dpeg_arrival_concentric_ovals, layout_basic,
          hellmonk_ecumenical_altar_blasted
D:2:      minmay_evil_eye, layout_rooms, basic_altar
D:3:      layout_loops_ring, nemelex_spade_bored_becter
D:4:      lemuel_castle_with_subvaults [lemuel_castle_interior_carwin_2],
          layout_basic, lightli_temple_of_fire,
          mainiacjoe_overflow_surrounded_room, serial_shops, shop,
          ebering_ghost_sewer_d, minmay_starry_boxes, uniq_edmund
D:5:      layout_basic, zin_treasury, nicolae_vehumet_altar_sigil,
          mainiacjoe_overflow_boulevard, minmay_temple_entry_butterflies
D:6:      layout_basic, nicolae_hepliaklqana_hazy_memory,
          nicolae_uskayaw_dance_studio, trog_book, minivault_24
D:7:      layout_basic, mainiacjoe_overflow_two_lobes, enter_bailey_3,
          uniq_pikel
D:8:      cheibrodos_shockbox, layout_rooms
D:9:      layout_loops_ring, dk_xom_monty_hall, okawaru_humans,
          nicolae_ru_the_path_less_chosen, orc_0_dummy, uniq_grum, uniq_jeremiah
D:10:     layout_loops_ring, cheibriados_altar_1, lair_entry_dummy,
          roderic_lattice_a
D:11:     layout_basic
Temple:   nicolae_temple_little_seven
Lair:1:   layout_cellular_growth, grunt_megastairs_4
Lair:2:   layout_regular_city, nicolae_spider_entry_tight_spaces,
          serial_bayou_lagoon_a, grunt_megastairs_2, lemuel_fruit_tree,
          infiniplex_staircase_pool, uniq_fannar, uniq_maggie, uniq_amaemon
Lair:3:   layout_long_grid, minmay_swamp_entry_swarm, gammafunk_ghost_arena,
          grunt_megastairs_5
Lair:4:   layout_long_grid, infiniplex_staircase_pool_2
